 Dungeon Crawl Stone Soup version 0.23.2 (webtiles) character file.

Game seed: 4979774770584643197

25 Leeroy the Conjurer (level 2, -1/20 HPs)
             Began as a Draconian Conjurer on Apr 13, 2019.
             Slain by a hobgoblin
             ... wielding a +0 club
              (3 damage)
             ... on level 1 of the Dungeon.
             The game lasted 00:01:42 (407 turns).

Leeroy the Conjurer (Draconian Conjurer)             Turns: 407, Time: 00:01:43

Health: -1/20      AC:  4    Str: 10    XL:     2   Next: 82%
Magic:  5/5        EV: 12    Int: 15    God:
Gold:   54         SH:  0    Dex: 11    Spells: 2/5 levels left

rFire    . . .     SeeInvis .   e - +0 short sword
rCold    . . .     Gourm    .   (no shield)
rNeg     . . .     Faith    .   (armour unavailable)
rPois    .         Spirit   .   (helmet restricted)
rElec    .         Reflect  .   (no cloak)
rCorr    .         Harm     .   (no gloves)
MR       .....                  (no boots)
Stlth    ++........             (no amulet)
HPRegen  0.06/turn              (no ring)
MPRegen  0.09/turn              (no ring)

@: no status effects
A: unfitting armour, cold-blooded, AC +4
a: no special abilities


You were on level 1 of the Dungeon.
You were not hungry.

You visited 1 branch of the dungeon, and saw 1 of its levels.

You collected 54 gold pieces.

Inventory:

Hand Weapons
 c - a +0 hand axe
 e - a +0 short sword (weapon)
Missiles
 f - 2 stones (quivered)
Jewellery
 h - an uncursed ring of protection from fire {unknown}
 i - an uncursed ring of ice {unknown}
Scrolls
 a - a scroll of enchant armour {unknown}
 g - a scroll of remove curse {unknown}
Comestibles
 b - a ration
 d - 3 chunks of flesh


   Skills:
 - Level 1.7 Dodging
 - Level 1.7 Stealth
 - Level 2.0 Spellcasting
 + Level 4.9 Conjurations


You had 2 spell levels left.
You knew the following spells:

 Your Spells              Type           Power        Failure   Level  Hunger
a - Magic Dart            Conj           ###.         3%          1    #......
b - Searing Ray           Conj           ###...       4%          2    ###....

Your spell library contained the following spells:

 Spells                   Type           Power        Failure   Level  Hunger
 Dazzling Spray           Conj/Hex       #.....       24%         3    ###....
 Iskenderun's Mystic Bla  Conj           ###.....     28%         4    #####..
 Force Lance              Conj/Tloc      #.......     63%         4    #####..
 Fulminant Prism          Conj/Hex       #.........   63%         4    #####..


Dungeon Overview and Level Annotations

Branches:
Dungeon (1/15)

Altars:


Innate Abilities, Weirdness & Mutations

Your plain brown scales are hard. (AC +4)
You cannot fit into any form of body armour.
You are cold-blooded and may be slowed by cold attacks.


Message History

The hobgoblin hits you but does no damage.
You barely miss the hobgoblin. The hobgoblin closely misses you.
You barely miss the hobgoblin.
Your tail-slap misses the hobgoblin.
The bat completely misses you. The bat barely misses you. The bat hits you.
The hobgoblin hits you with a +0 club.
* * * LOW HITPOINT WARNING * * *
You closely miss the hobgoblin. The bat closely misses you.
The hobgoblin barely misses you.
You hit the hobgoblin but do no damage. The bat hits you but does no damage.
The hobgoblin barely misses you.
You hit the hobgoblin but do no damage. The bat hits you but does no damage.
The hobgoblin barely misses you.
You hit the hobgoblin.
The hobgoblin is heavily wounded.
The bat hits you but does no damage. The hobgoblin hits you with a +0 club.
* * * LOW HITPOINT WARNING * * *
You barely miss the hobgoblin.
The hobgoblin is heavily wounded.
The bat closely misses you. The hobgoblin hits you with a +0 club.
You die...

##................#
#..##+#.########.#
## ##.##.#.## #.#
.# #....... #####.#
.# #..#....#
#.....# .#
#......####.#####
.# ##.......##.# .#
#..b..#.##.# .#
##.##@#.##.# .# #
#g#.##.# .#
#g#.##.# ≈P#
#.#.##.# P≈P..
..#....# ≈P≈.#
.####### ≈≈P... .
≈P≈#### #. PP≈#


You could see a hobgoblin, a goblin and a bat.

Vanquished Creatures
  An ooze (D:1)
  A dart slug (D:1)
  A leopard gecko (D:1)
  2 giant cockroaches (D:1)
  3 goblins (D:1)
  2 hobgoblins (D:1)
  4 bats (D:1)
  2 kobolds (D:1)
16 creatures vanquished.

Notes
Turn   | Place    | Note
-------+----------+-------------------------------------------
     0 | D:1      | Leeroy the Draconian Conjurer began the quest for the Orb.
     0 | D:1      | Reached XP level 1. HP: 14/14 MP: 3/3
   102 | D:1      | Reached XP level 2. HP: 11/20 MP: 1/5
   106 | D:1      | Learned a level 2 spell: Searing Ray
   407 | D:1      | Slain by a hobgoblin

Action                   || total
-------------------------++-------
Melee: Unarmed           ||    11
       Hand axe          ||     8
       Tailslap          ||     4
       Short sword       ||    44
 Cast: Magic Dart        ||    13
 Stab: Sleeping          ||     1
Armor: Skin              ||    16
Dodge: Dodged            ||    51
